 Dungeon Crawl Stone Soup version 0.32-a0-17-gb74e046682 (webtiles) character file.

Game seed: 11703302974568743008

201499 yuxiaojun the Warrior (level 18, -8/162 HPs)
             Began as a Hill Orc Monk on Jan 12, 2024.
             Was the Champion of Beogh.
             Killed from afar by an ironbound thunderhulk (49 damage)
             ... with a bolt of lightning
             ... summoned by a glowing orange brain
             ... on level 2 of the Vaults on Jan 16, 2024.
             The game lasted 06:14:25 (46989 turns).

yuxiaojun the Warrior (Hill Orc Monk)              Turns: 46989, Time: 06:14:25

Health: -8/162     AC: 38    Str: 28    XL:     18   Next: 54%
Magic:  22/30      EV:  9    Int: 10    God:    Beogh [******]
Gold:   3031       SH:  0    Dex: 16    Spells: 18/27 levels left

rFire   + . .        o - +9 war axe (elec)
rCold   + + .        d - orb {light}
rNeg    + . .        H - +6 crystal plate armour {rC+}
rPois   +            D - +2 helmet "Maurhecoann" {-Tele rPois rCorr Str-3}
rElec   .            x - scarf {rC+ rF+}
rCorr   +            Z - +2 pair of gloves {Dex+3}
SInv    .            K - +0 pair of boots
Will    +....        m - amulet of faith Stlth
                     f - +6 ring of strength
HPRegen 0.47/turn    z - ring of Undoing {rN+ Str+3}
MPRegen 0.22/turn

%: no teleportation, clarity, faith
@: mighty, glowing
A: walk on water, clarity, frail 1, shaggy fur 1
}: 1/15 runes: decaying
a: Renounce Religion, Smiting, Recall Orcish Followers, Give Item to Named
Follower, Resurrection


You were on level 2 of the Vaults.
You worshipped Beogh.
Beogh was exalted by your worship.
You visited 7 branches of the dungeon, and saw 31 of its levels.
You visited 2 bazaars.
You also visited: Ice Cave.

You collected 3856 gold pieces.
You spent 825 gold pieces at shops.

Inventory:

Hand Weapons
 b - a +2 halberd of venom
 h - a +4 arbalest of draining
 i - the +8 shortbow of Zowutzef {drain, Str+4}
   (You took it off an ironbound preserver on level 2 of the Vaults)

   Str+4:     It affects your strength (+4).
 o - a +9 war axe of electrocution (weapon)
 A - a +2 triple crossbow of freezing
 G - a +2 arbalest of flaming
 R - a +5 flail of flaming
Missiles
 a - 22 boomerangs (quivered)
 g - 3 atropa-tipped darts
 l - 7 javelins
 w - 45 poisoned darts
 B - 6 throwing nets
 I - 20 curare-tipped darts
Armour
 d - an orb of light (worn)
 x - a scarf of resistance (worn)
 D - the +2 helmet "Maurhecoann" (worn) {-Tele rPois rCorr Str-3}
   (You found it on level 7 of the Dungeon)

   Str-3:     It affects your strength (-3).
   rPois:     It protects you from poison -Tele: It prevents most forms of
   teleportation.
   rCorr:     It protects you from acid and corrosion.
 H - a +6 crystal plate armour of cold resistance (worn)
 K - a +0 pair of boots (worn)
 Z - a +2 pair of gloves of dexterity (worn)
Jewellery
 f - a +6 ring of strength (left hand)
 m - an amulet of faith (around neck)
 y - the ring "Tigorogh" {rF++ Will- Int+6 Dex+3 Stlth-}
   (You found it on level 3 of the Swamp)

   [ring of intelligence]

   Int+6:     It affects your intelligence (+6).
   Dex+3:     It affects your dexterity (+3).
   rF++:      It greatly protects you from fire.
   Will-:     It decreases your willpower.
   Stlth-:    It makes you less stealthy.
 z - the ring of Undoing (right hand) {rN+ Str+3}
   (You found it on level 5 of the Lair of Beasts)

   [ring of positive energy]

   Str+3:     It affects your strength (+3).
   rN+:       It protects you from negative energy.
Wands
 r - a wand of light (23)
 s - a wand of iceblast (20)
 v - a wand of mindburst (21)
 C - a wand of digging (8)
 M - a wand of flame (35)
 V - a wand of charming (15)
 Y - a wand of polymorph (4)
Scrolls
 e - a scroll of summoning
 j - 12 scrolls of teleportation
 q - 8 scrolls of fog
 t - a scroll of amnesia
 J - 5 scrolls of fear
 P - a scroll of brand weapon
 U - 4 scrolls of enchant weapon
 W - a scroll of silence
 X - 4 scrolls of revelation
Potions
 c - 3 potions of ambrosia
 k - 6 potions of enlightenment
 n - 3 potions of lignification
 p - 5 potions of might
 u - 5 potions of invisibility
 E - 2 potions of berserk rage
 F - 4 potions of haste
 L - 9 potions of curing
 N - a potion of resistance
 O - 3 potions of heal wounds
 S - 3 potions of cancellation
 T - 2 potions of mutation
Miscellaneous
 Q - a phial of floods


   Skills:
 + Level 20.9 Fighting
 - Level 4.1 Axes
 - Level 5.0 Ranged Weapons
 + Level 11.3 Throwing
 + Level 13.4 Armour
 - Level 8.0 Dodging
 - Level 5.2 Spellcasting
 - Level 4.0 Necromancy
 - Level 5.0 Ice Magic
 + Level 17.2 Invocations
 - Level 8.0 Evocations
 - Level 7.4 Shapeshifting


You had 18 spell levels left.
You knew the following spells:

 Your Spells              Type           Power      Damage    Failure   Level
a - Tukima's Dance        Hex            2%         N/A       100%        3
b - Fugue of the Fallen   Necr           10%        N/A       96%         3
c - Ozocubu's Armour      Ice            12%        N/A       89%         3

Your spell library contained the following spells:

 Spells                   Type           Power      Damage    Failure   Level
 Sting                    Conj/Alch      8%         1d3       99%         1
 Cigotuvi's Dreadful Rot  Necr/Alch/Air  10%        N/A       99%         2
 Jinxbite                 Hex            4%         N/A       100%        2
 Mercury Vapours          Alch/Air       4%         N/A       100%        2
 Scorch                   Fire           4%         2d5       100%        2
 Static Discharge         Conj/Air       4%         3-4/arc   100%        2
 Volatile Blastmotes      Fire/Tloc      4%         2d10      100%        3
 Airstrike                Air            1%         2d(1-17)  100%        4
 Brom's Barrelling Bould  Conj/Erth      2%         2d3       100%        4
 Dimensional Bullseye     Hex/Tloc       1%         N/A       100%        4
 Dispel Undead            Necr           10%        3d9       100%        4
 Flame Wave               Conj/Fire      2%         2d4       100%        4
 Fulminant Prism          Conj/Alch      1%         3d5       100%        4
 Ignite Poison            Fire/Alch      2%         N/A       100%        4
 Iskenderun's Mystic Bla  Conj/Tloc      2%         2d3       100%        4
 Manifold Assault         Tloc           2%         N/A       100%        4
 Martyr's Knell           Necr/Summ      6%         N/A       100%        4
 Olgreb's Toxic Radiance  Alch           2%         N/A       100%        4
 Passage of Golubria      Tloc           2%         N/A       100%        4
 Sticky Flame             Fire/Alch      2%         2d4       100%        4
 Summon Lightning Spire   Summ/Air       2%         N/A       100%        4
 Fireball                 Conj/Fire      1%         3d3       100%        5
 Iskenderun's Battlesphe  Conj           2%         2d6       100%        5
 Yara's Violent Unravell  Hex/Alch       1%         3d3       100%        5
 Bombard                  Conj/Erth      1%         9d1       100%        6
 Conjure Ball Lightning   Conj/Air       1%         3x3d6     100%        6
 Death Channel            Necr           5%         N/A       100%        6
 Sculpt Simulacrum        Ice/Alch       3%         N/A       100%        6
 Summon Cactus Giant      Summ           1%         N/A       100%        6
 Enfeeble                 Hex            1%         N/A       100%        7
 Orb of Destruction       Conj           1%         9d5       100%        7
 Ozocubu's Refrigeration  Ice            6%         4d8       100%        7
 Spellforged Servitor     Conj/Summ      1%         N/A       100%        7
 Ignition                 Fire           1%         3d3       100%        8
 Polar Vortex             Ice            6%         N/A       100%        9


Dungeon Overview and Level Annotations

Branches:
Dungeon (15/15)            Temple (1/1) D:4            Lair (5/5) D:8
  Swamp (4/4) Lair:3        Snake (0/4) Lair:3        Slime (0/5) Lair:5
    Orc (2/2) D:10            Elf (1/3) Orc:2        Vaults (3/5) D:14
 Depths (0/4) D:15          IceCv (visited)
  Crypt: Vaults:2-3

Altars:
Ashenzari
Cheibriados
Dithmenos
Elyvilon
Fedhas
Gozag
Hepliaklqana
Kikubaaqudgha
Makhleb
Nemelex Xobeh
Okawaru
Qazlal
Ru
Sif Muna
Trog
Uskayaw
Vehumet
Wu Jian
Xom
Yredelemnul
Zin
The Shining One

Shops:
D:4 [   D:10 [   Orc:2 *?

Annotations:
D:6 1 runed translucent door, Crazy Yiuf


Innate Abilities, Weirdness & Mutations

You can walk on water.
You possess an exceptional clarity of mind.
You are frail. (-10% HP)
You are covered in fur. (AC +1)


Message History

Olfik hits the ironbound convoker with a +0 battleaxe!!
Olfik hits the ironbound thunderhulk with a +0 battleaxe!!
Boruk hits the ironbound convoker with a +0 flail!!!
The ironbound convoker dies!
The ironbound convoker's corpse dissolves into shadows!
Electricity crackles from the ironbound thunderhulk's apparatus.
The bolt of lightning hits you!!
You begin recalling your allies.
Marbork is recalled.
Olfik is recalled.
Boruk is recalled.
You finish recalling your allies.
Throw: 22 boomerangs
Press: ? - help, Q - select action, (/) - cycle Shift-Dir - straight line, f - skeletal warrior
Aim: a skeletal warrior, wielding a +0 trident (heavily damaged, haloed, 85% to hit)
Okay, then.
Throw: 8 javelins
Press: ? - help, Shift-Dir - straight line, f - skeletal warrior
Aim: a skeletal warrior, wielding a +0 trident (heavily damaged, haloed, 85% to hit)
You throw a javelin.
The javelin pierces through the skeletal warrior!
The skeletal warrior is heavily damaged.
The javelin barely misses the glowing orange brain.
Marbork completely misses the skeletal warrior.
Boruk throws a boomerang.
The boomerang misses the ironbound thunderhulk.
Electricity crackles from the ironbound thunderhulk's apparatus.
The bolt of lightning hits you!!!
* * * LOW HITPOINT WARNING * * *
Press: ? - help, v - describe, . - travel
Here: an ironbound thunderhulk, wielding a +0 dire flail and wearing a +0 animal skin (moderately wounded, summoned, strong, ally target)
The floor.
You feel much better.
Olfik no longer looks unusually strong.
The skeletal warrior barely misses you.
Boruk throws a boomerang.
The boomerang hits the ironbound thunderhulk!!
Olfik unwields a +0 battleaxe.
Olfik wields a +1 heavy arbalest.
Olfik shoots a bolt.
The bolt barely misses the ironbound thunderhulk.
Electricity crackles from the ironbound thunderhulk's apparatus.
The bolt of lightning hits you!!!
You die...

...#.# ...#.# ###..#.#
##########.#..#.#
...........#..#.#
######....o#..#.#
.....#.....##'#.# ##
.....#..........############....
.....#..........@.z..G.().......
.....#...........oo...Oc.(c.....
.....#...........o..))..........
.>...#.............########cO...
.....#.............# .....
######.............# .G..
.ooo...............# ...
#..................# ...
#..................


You could see an ironbound thunderhulk (summoned, strong, ally target), a
yaktaur captain (strong), a skeletal warrior (ally target), a glowing orange
brain, the friendly Marbork the orc warlord (strong), the friendly Olfik the orc
warlord and the friendly Boruk the orc knight (strong).

Vanquished Creatures
  Mennas (Vaults:2)
  Rupert (D:13)
  A sphinx (Vaults:3)
  A tengu reaver (Vaults:3)
  Donald (Swamp:4)
  4 vault wardens
  An ironbound preserver (Vaults:2)
  An ironbound thunderhulk (Vaults:3)
  A stone giant (Vaults:3)
  4 eleionomae
  A vault guard (D:14)
  2 yaktaur captains (Vaults:3)
  Harold (Lair:2)
  2 ice dragons
  3 ogre magi
  6 alligators
  8 hydras
  5 centaur warriors
  A hell hog (Lair:5)
  9 two-headed ogres
  5 boulder beetles
  2 tengu warriors
  4 death yaks
  2 skysharks
  A skeletal warrior (D:11)
  A fire crab (D:14)
  2 arcanists
  9 deep trolls
  A spriggan druid (Swamp:2)
  A spectral alligator (Swamp:4)
  A glowing orange brain (Vaults:2)
  2 bog bodies
  2 phantasmal warriors
  2 harpies
  4 ironbound convokers
  4 lindwurms
  Pikel (D:8)
  An orc knight (Orc:1)
  A deep elf pyromancer (D:14)
  4 ugly things
  An oklob plant (Lair:4)
  2 alligator zombies (Swamp:4)
  An orc sorcerer (D:10)
  2 cyclopes
  Maurice (D:12)
  4 manticores
  3 kobold blastminers
  3 black mambas
  A vault sentinel (Vaults:3)
  2 ice statues (IceCv)
  A molten gargoyle (Lair:2)
  Joseph (D:8)
  12 elephants
  A torpor snail (Lair:5)
  4 cane toads
  An unseen horror (D:11)
  5 rime drakes
  A swamp worm zombie (Swamp:4)
  2 tengu conjurers
  7 komodo dragons
  5 kobold demonologists (D:11)
  10 yaktaurs
  7 polar bears
  A hydra zombie (Swamp:4)
  4 trolls
  5 tyrant leeches
  7 hornets
  8 blink frogs
  A spectral swamp dragon (Swamp:4)
  3 dream sheep (Lair:3)
  13 slime creatures
  A centaur simulacrum (D:13)
  2 shadows (D:11)
  6 spriggans
  3 vampires
  7 wraiths
  2 hogs (Lair:4)
  2 wyverns
  3 wargs
  40 yaks
  A water elemental (D:15)
  A basilisk (Lair:2)
  A fire elemental (D:14)
  15 vampire mosquitoes
  A redback simulacrum (D:15)
  9 swamp worms
  The ghost of PrincessEmiBear the Shooter, an amateur GrHu (D:3)
  5 acid dragons
  2 nagas (Lair:3)
  Duvessa (D:6)
  10 water moccasins
  8 hell hounds
  The ghost of zenocrate the Sneak, an amateur VSEn (D:3)
  12 orc warriors
  11 black bears
  2 swamp drakes (Swamp:2)
  10 ice beasts
  A swamp dragon zombie (Swamp:4)
  5 ogres
  14 wolves
  4 centaurs
  A phantom (Swamp:3)
  Blork the orc (D:6)
  6 kobold brigands
  10 bullfrogs
  3 gnoll sergeants
  6 scorpions
  10 wights
  5 lindwurm simulacra (IceCv)
  Dowan (D:6)
  11 killer bees
  An electric eel (D:11)
  4 howler monkeys
  The ghost of occam the Insei, a weakling OpSh (D:3)
  2 jellies
  5 komodo dragon simulacra (IceCv)
  3 hounds
  4 orc priests
  Ijyb (D:4)
  10 iguanas
  7 orc wizards
  5 hell rats
  A boggart simulacrum (D:15)
  11 gnolls
  4 acid dragon simulacra (IceCv)
  5 adders
  6 white imps
  7 steam dragon simulacra (IceCv)
  A dart slug (D:3)
  A ribbon worm (D:4)
  23 orcs
  2 ball pythons (D:2)
  6 bats
  5 endoplasms
  2 giant cockroaches (D:3)
  5 goblins
  6 hobgoblins
  4 jackals (D:2)
  5 quokkas
  4 frilled lizards
  16 kobolds
  2 rats
617 creatures vanquished.

Vanquished Creatures (collateral kills)
  Norris (Vaults:2)
  A bone dragon (Swamp:3)
  2 sphinxes
  The ghost of Xedevy the Bewitcher, an adept KoEn of Dithmenos (Vaults:1)
  Kirke (Lair:4)
  Roxanne (Swamp:3)
  2 fire giants
  A fenstrider witch (Swamp:4)
  2 vault wardens (Vaults:3)
  An orc warlord (D:10)
  The ghost of Xavori the Nimble, a journeyman DjCK of Xom (Lair:5)
  5 ironbound preservers
  2 formless jellyfish
  3 ironbound thunderhulks
  A stone giant (D:15)
  3 war gargoyles
  Azrael (D:14)
  A bunyip (Swamp:2)
  2 eleionomae
  The ghost of Biggs the Blocker, a journeyman DjCj of Makhleb (Lair:5)
  The ghost of liarliar the Skirmisher, a journeyman DsHu of Okawaru (Lair:5)
  Snorg (Lair:4)
  Josephine (D:12)
  3 great orbs of eyes
  A peacekeeper (Vaults:2)
  11 vault guards
  The ghost of zenocrate the Covert, a journeyman VSEn of Gozag (Lair:5)
  An alligator (Swamp:3)
  5 hydras
  An ironbound frostheart (Vaults:3)
  A ghost crab (Swamp:4)
  4 boulder beetles
  5 death yaks
  4 tengu warriors
  7 centaur warriors
  2 two-headed ogres
  7 spriggans
  3 skysharks
  14 deep trolls
  A swamp dragon (Swamp:4)
  2 goliath frogs
  A sixfirhy (Orc:2)
  A death drake (Swamp:4)
  A glowing orange brain (Vaults:3)
  2 arcanists
  A spriggan druid (Swamp:2)
  A phantasmal warrior (Swamp:4)
  3 bog bodies
  2 orc knights
  6 ironbound convokers
  4 lindwurms (Vaults:1)
  4 harpies (Vaults:3)
  3 deep elf pyromancers
  9 ugly things
  5 cyclopes
  An oklob plant (Lair:4)
  2 manticores
  12 elephants
  A kobold blastminer (Orc:2)
  3 black mambas
  8 vault sentinels
  5 torpor snails (Lair:5)
  3 cane toads
  8 komodo dragons
  3 rime drakes
  An unseen horror (D:11)
  13 yaktaurs
  4 swamp worm zombies (Swamp:4)
  A tengu conjurer (D:15)
  A troll (shapeshifter) (D:15)
  3 hydra zombies (Swamp:4)
  5 trolls
  9 tyrant leeches
  9 polar bears
  A raiju (Lair:5)
  12 hornets
  A wolf spider simulacrum (D:15)
  5 spectral swamp dragons (Swamp:4)
  5 blink frogs (Lair:5)
  8 dream sheep
  10 slime creatures
  4 centaur simulacra
  A ynoxinul (Orc:2)
  2 shadows (D:11)
  39 yaks
  3 wyverns
  Grum (D:8)
  A wraith (D:11)
  A fire elemental (D:14)
  3 hogs (Lair:4)
  5 wargs (Lair:5)
  4 tyrant leech zombies (Swamp:4)
  A steam dragon (D:9)
  12 vampire mosquitoes
  11 swamp worms
  A naga (Lair:3)
  9 hell hounds
  A swamp drake (Swamp:2)
  9 orc warriors
  5 water moccasins
  A meliai simulacrum (D:13)
  2 ice beasts
  A sky beast (D:7)
  2 swamp dragon zombies (Swamp:4)
  4 black bears (Lair:5)
  2 ogres
  16 wolves
  2 kobold brigands
  5 phantoms
  3 bullfrogs
  2 wights (D:9)
  A killer bee (D:8)
  An electric eel (Lair:1)
  3 howler monkeys
  6 orc priests
  2 iguanas (Lair:2)
  2 orc wizards (Orc:2)
  8 hell rats
  A shadow imp (D:7)
  2 white imps
  12 orcs
  5 kobolds
482 creatures vanquished.

Vanquished Creatures (others)
  An orc warlord (Vaults:3)
  4 orc knights
  2 orc sorcerers
  9 bloated husks
  11 orc priests
  17 orc warriors
  A wolf (Lair:1)
  A phantom (Swamp:4)
  A bullfrog (Lair:1)
  2 orc wizards
  19 orcs
68 creatures vanquished.

Grand Total: 1167 creatures vanquished

Notes
Turn   | Place    | Note
-------+----------+-------------------------------------------
     0 | D:1      | yuxiaojun the Hill Orc Monk began the quest for the Orb.
     0 | D:1      | Reached XP level 1. HP: 19/19 MP: 1/1
   244 | D:1      | Reached skill level 4 in Fighting
   245 | D:1      | Reached XP level 2. HP: 26/27 MP: 2/2
   742 | D:2      | Identified the +0 robe of the Farrier {rF+ Stlth+}
   906 | D:2      | Reached XP level 3. HP: 35/35 MP: 3/3
  1107 | D:2      | Reached skill level 5 in Fighting
  1479 | D:3      | Noticed a scorpion
  1495 | D:3      | Killed a scorpion
  1496 | D:3      | Reached skill level 6 in Fighting
  1496 | D:3      | Reached skill level 1 in Armour
  1496 | D:3      | Reached XP level 4. HP: 26/44 MP: 4/4
  1547 | D:3      | Reached XP level 5. HP: 50/50 MP: 5/5
  1554 | D:3      | Found a runed translucent gate.
  1554 | D:3      | Found a runed translucent gate.
  1554 | D:3      | Found a runed translucent gate.
  1559 | D:3      | Noticed occam's ghost (weakling OpSh)
  1559 | D:3      | Noticed PrincessEmiBear's ghost (amateur GrHu)
  1559 | D:3      | Noticed zenocrate's ghost (amateur VSEn)
  1595 | D:3      | Found a shadowy altar of Dithmenos.
  1896 | D:3      | Found an opulent altar of Gozag.
  2183 | D:3      | Found a glowing golden altar of the Shining One.
  2250 | D:4      | Found a staircase to the Ecumenical Temple.
  2272 | D:4      | Found Mitalioq's Armour Emporium.
  2299 | D:4      | Noticed an ogre
  2308 | D:4      | Killed an ogre
  2309 | D:4      | Reached XP level 6. HP: 39/58 MP: 6/6
  2534 | D:4      | Identified the +2 leather armour "Keotharch" {Rampage
                  | Str+2}
  2624 | D:4      | Noticed Ijyb
  2633 | D:4      | Killed Ijyb
  2634 | D:4      | Reached skill level 7 in Fighting
  2794 | Temple   | Entered the Ecumenical Temple
  2913 | D:5      | Entered Level 5 of the Dungeon
  2921 | D:5      | Reached XP level 7. HP: 67/67 MP: 7/7
  2928 | D:5      | Reached skill level 8 in Fighting
  3044 | D:5      | Found a hazy altar of Hepliaklqana.
  3144 | D:6      | Reached skill level 9 in Fighting
  3156 | D:6      | Became a worshipper of Beogh the Brigand
  3156 | D:6      | Reached * piety under Beogh
  3156 | D:6      | Reached ** piety under Beogh
  3246 | D:6      | Reached skill level 5 in Armour
  3329 | D:6      | Noticed Blork the orc
  3375 | D:6      | Killed Blork the orc
  3376 | D:6      | Reached XP level 8. HP: 54/78 MP: 8/8
  3491 | D:6      | Reached skill level 10 in Fighting
  3631 | D:6      | Found a sacrificial altar of Ru.
  3676 | D:6      | Found a runed translucent door.
  3677 | D:6      | Noticed Crazy Yiuf
  3679 | D:6      | Found the +6 shillelagh "Devastator" {shatter}
  3691 | D:6      | Noticed Dowan
  3692 | D:6      | Noticed Duvessa
  3695 | D:6      | Killed Dowan
  3704 | D:6      | Killed Duvessa
  3705 | D:6      | Reached skill level 11 in Fighting
  4012 | D:6      | Upgraded the game from 0.31-a0-1626-g5cb510d322 to
                  | 0.32-a0-12-g7fc57aa741
  4128 | D:6      | Reached skill level 1 in Invocations
  4442 | D:5      | Reached XP level 9. HP: 89/89 MP: 11/11
  4521 | D:5      | Identified the ring "Fitusuph" {Fire SInv}
  4759 | D:3      | Killed PrincessEmiBear's ghost
  4764 | D:3      | Killed zenocrate's ghost
  4765 | D:3      | Reached skill level 12 in Fighting
  4765 | D:3      | Reached skill level 5 in Invocations
  4769 | D:3      | Killed occam's ghost
  5104 | D:7      | Reached *** piety under Beogh
  5110 | D:7      | Reached skill level 1 in Evocations
  5301 | D:7      | Found a burning altar of Makhleb.
  5363 | D:7      | Reached skill level 1 in Spellcasting
  5542 | D:8      | Noticed a rime drake
  5543 | D:8      | Noticed a polar bear
  5563 | D:8      | Killed a rime drake
  5564 | D:8      | Reached XP level 10. HP: 58/97 MP: 15/15
  5603 | D:8      | Found a radiant altar of Vehumet.
  5603 | D:8      | Found an iron altar of Okawaru.
  5662 | D:8      | Found a shimmering altar of Xom.
  5680 | D:8      | Noticed Joseph
  5701 | D:8      | Killed Joseph
  5880 | D:8      | Found a staircase to the Lair.
  6122 | D:8      | Found a blossoming altar of Fedhas.
  6158 | D:8      | Noticed Grum
  6167 | D:8      | Killed Grum
  6366 | D:8      | Found a snail-covered altar of Cheibriados.
  6419 | D:8      | Noticed Pikel
  6428 | D:8      | Killed Pikel
  6455 | D:8      | Learned a level 3 spell: Tukima's Dance
  6939 | D:7      | Identified the +2 helmet "Maurhecoann" {-Tele rPois rCorr
                  | Str-3}
  6957 | D:7      | Found an ornate altar of the Wu Jian Council.
  7391 | D:9      | Reached skill level 10 in Armour
  7473 | D:9      | Noticed a two-headed ogre
  7484 | D:9      | Killed a two-headed ogre
  7692 | D:9      | Found a glowing silver altar of Zin.
  7812 | D:9      | Reached XP level 11. HP: 76/101 MP: 17/17
  8394 | D:9      | Noticed a two-headed ogre
  8403 | D:9      | Killed a two-headed ogre
  8485 | D:10     | Entered Level 10 of the Dungeon
  8523 | D:10     | Reached skill level 1 in Throwing
  9194 | D:10     | Found Yrahoras's Armour Shop.
  9204 | D:10     | Bought a +1 pair of gloves of dexterity for 181 gold pieces
  9210 | D:10     | Bought a +0 pair of boots for 49 gold pieces
  9287 | D:10     | Noticed a +0 spear
  9287 | D:10     | Noticed a +0 dagger
  9287 | D:10     | Noticed a +0 short sword
  9287 | D:10     | Noticed a +0 spear
  9288 | D:10     | Noticed a +0 falchion
  9288 | D:10     | Noticed a +0 falchion
  9288 | D:10     | Noticed a +0 short sword
  9289 | D:10     | Noticed a +0 dagger
  9295 | D:10     | Found a hide-covered altar of Uskayaw.
  9347 | D:10     | Found a staircase to the Orcish Mines.
  9562 | Lair:1   | Entered Level 1 of the Lair of Beasts
  9568 | Lair:1   | Reached skill level 5 in Dodging
  9572 | Lair:1   | Reached skill level 10 in Invocations
  9613 | Lair:1   | Gained Olfik as an ally
  9744 | Lair:1   | Gained Bolgrim as an ally
  9995 | Lair:1   | Reached skill level 5 in Throwing
 10004 | Lair:1   | Reached XP level 12. HP: 89/112 MP: 20/20
 10010 | Lair:1   | Reached **** piety under Beogh
 10284 | Lair:1   | Learned a level 3 spell: Fugue of the Fallen
 10789 | Lair:2   | Reached skill level 1 in Necromancy
 10933 | Lair:2   | Noticed a skyshark
 10944 | Lair:2   | Killed a skyshark
 11094 | Lair:2   | Reached skill level 13 in Fighting
 11184 | Lair:2   | Noticed an eight-headed hydra
 11190 | Lair:2   | Killed a nine-headed hydra
 11692 | D:11     | Noticed a two-headed ogre
 11696 | D:11     | Killed a two-headed ogre
 11697 | D:11     | Reached skill level 5 in Spellcasting
 11704 | D:11     | Reached skill level 14 in Fighting
 11728 | D:11     | Noticed a boulder beetle
 11734 | D:11     | Learned a level 3 spell: Ozocubu's Armour
 11735 | D:11     | Killed a boulder beetle
 11806 | D:11     | Reached skill level 1 in Ice Magic
 12650 | D:11     | Reached XP level 13. HP: 118/125 MP: 19/22
 12747 | D:11     | You fall into a shaft and drop 3 floors!
 12784 | D:14     | Your ally Bolgrim died
 12896 | D:13     | Found a frozen archway.
 12916 | IceCv    | Entered an ice cave
 13204 | IceCv    | Noticed an ice dragon
 13217 | IceCv    | Killed an ice dragon
 13218 | IceCv    | Reached skill level 15 in Fighting
 13666 | IceCv    | Gained mutation: You are partially covered in large bone
                  | plates. (SH +4) [potion of mutation]
 13666 | IceCv    | Gained mutation: Your flesh is heat resistant. (rF+)
                  | [potion of mutation]
 13666 | IceCv    | Gained mutation: You have an increased reservoir of magic.
                  | (+10% MP) [potion of mutation]
 13926 | D:13     | Your ally Olfik died
 13929 | D:13     | Noticed Rupert
 13935 | D:13     | Killed Rupert
 13994 | D:13     | Found a gateway to a bazaar.
 14924 | D:12     | Noticed Josephine
 14928 | D:12     | Noticed Maurice
 15283 | D:12     | Maurice stole a ring of resist corrosion
 15290 | D:12     | Killed Maurice
 15291 | D:12     | Reached skill level 5 in Ice Magic
 15344 | D:12     | Identified the +2 leather armour of Valiance {Int+2 Dex+2}
 15502 | D:11     | Reached skill level 1 in Ranged Weapons
 15589 | Orc:1    | Entered Level 1 of the Orcish Mines
 16194 | D:11     | HP: 6/126 [boulder beetle (37)]
 16307 | D:11     | Reached XP level 14. HP: 126/135 MP: 26/26
 18222 | Lair:2   | Noticed Harold
 18228 | Lair:2   | Killed Harold
 18880 | Lair:3   | Reached skill level 5 in Ranged Weapons
 19316 | Orc:2    | Entered Level 2 of the Orcish Mines
 19316 | Orc:2    | Noticed an orc warlord
 19556 | D:10     | Killed an orc warlord
 19898 | D:11     | Reached skill level 15 in Invocations
 20543 | Bazaar   | Entered a bazaar
 20574 | Bazaar   | Found Rekynoc's Assorted Antiques.
 20612 | Bazaar   | Found Gimiv's Antique Weapon Boutique.
 20643 | Bazaar   | Found Yvveg's Weapon Shoppe.
 20677 | Bazaar   | Found Ygaittoe's Antique Weapon Emporium.
 20743 | Bazaar   | Found Josod's Armour Shoppe.
 20960 | D:13     | Gained Bogmar as an ally
 20963 | D:13     | Reached ***** piety under Beogh
 21538 | D:14     | Reached skill level 5 in Evocations
 21825 | D:14     | Noticed Azrael
 21839 | D:14     | HP: 3/135 [centaur warrior/arrow (13)]
 22227 | D:12     | Killed Josephine
 22228 | D:12     | Reached XP level 15. HP: 141/141 MP: 28/28
 22704 | Lair:3   | Identified the +1 leather armour "Ashexuic" {Will+ rCorr
                  | Str+2}
 23378 | Lair:3   | Reached ****** piety under Beogh
 23446 | Lair:3   | Lost mutation: Your flesh is heat resistant. (rF+) [potion
                  | of mutation]
 23446 | Lair:3   | Lost mutation: You are partially covered in large bone
                  | plates. (SH +4) [potion of mutation]
 23446 | Lair:3   | Lost mutation: You have an increased reservoir of magic.
                  | (+10% MP) [potion of mutation]
 23446 | Lair:3   | Gained mutation: You are clumsy. (Dex -2) [potion of
                  | mutation]
 23446 | Lair:3   | Lost mutation: You are clumsy. (Dex -2) [potion of
                  | mutation]
 23462 | Lair:3   | Found a staircase to the Snake Pit.
 23707 | Lair:3   | Found a staircase to the Swamp.
 23860 | Swamp:1  | Entered Level 1 of the Swamp
 23881 | Swamp:1  | Reached skill level 16 in Fighting
 25025 | Lair:4   | Found a shimmering altar of Xom.
 25141 | Lair:4   | Noticed Kirke
 25149 | Lair:4   | Noticed a sphinx
 25149 | Lair:4   | Killed Kirke
 25394 | Lair:4   | Noticed Snorg
 25398 | Lair:4   | Killed Snorg
 25639 | Lair:4   | Found a blossoming altar of Fedhas.
 26193 | Lair:5   | Entered Level 5 of the Lair of Beasts
 26206 | Lair:4   | Reached skill level 17 in Fighting
 26257 | Lair:5   | Found a runed translucent gate.
 26750 | Lair:5   | Found a runed translucent gate.
 26751 | Lair:5   | Found a runed translucent gate.
 26753 | Lair:5   | Noticed Xavori's ghost (journeyman DjCK)
 26753 | Lair:5   | Noticed Biggs's ghost (journeyman DjCj)
 26753 | Lair:5   | Noticed liarliar's ghost (journeyman DsHu)
 26753 | Lair:5   | Noticed zenocrate's ghost (journeyman VSEn)
 27403 | Lair:5   | Reached XP level 16. HP: 143/157 MP: 27/27
 27988 | Orc:2    | Reached skill level 18 in Fighting
 28054 | Orc:2    | Found a staircase to the Elven Halls.
 28312 | Orc:2    | Gained Borgun as an ally
 28339 | Orc:1    | Your ally Borgun died
 28938 | Lair:5   | Found a staircase to the Slime Pits.
 28971 | Lair:5   | Killed liarliar's ghost
 28981 | Lair:5   | Killed zenocrate's ghost
 28984 | Lair:5   | Killed Biggs's ghost
 28986 | Lair:5   | Killed Xavori's ghost
 28993 | Lair:5   | Identified the ring of Undoing {rN+ Str+3}
 29009 | Lair:5   | Identified the +5 spear "Enadel" {heavy, Will+}
 30145 | Swamp:1  | Identified the +1 scale mail "Sup Piod" {Harm Rampage
                  | Dex+3}
 30509 | Swamp:2  | Gained mutation: You possess an exceptional clarity of
                  | mind. [potion of mutation]
 30509 | Swamp:2  | Gained mutation: You are frail. (-10% HP) [potion of
                  | mutation]
 30509 | Swamp:2  | Gained mutation: You are covered in fur. (AC +1) [potion of
                  | mutation]
 31528 | Swamp:3  | Noticed Roxanne
 31556 | Swamp:3  | Killed Roxanne
 31557 | Swamp:3  | Reached skill level 19 in Fighting
 31655 | Swamp:3  | Identified the ring "Tigorogh" {rF++ Will- Int+6 Dex+3
                  | Stlth-}
 31855 | Swamp:4  | Entered Level 4 of the Swamp
 32220 | Swamp:4  | Reached skill level 1 in Shapeshifting
 32261 | Swamp:4  | Noticed Donald
 32269 | Swamp:4  | Killed Donald
 32439 | Swamp:4  | Noticed a fenstrider witch
 32443 | Swamp:4  | Paralysed by a fenstrider witch for 2 turns
 32447 | Swamp:4  | Killed a fenstrider witch
 32462 | Swamp:4  | Gained Olfik as an ally
 33269 | Swamp:4  | Noticed a bone dragon
 33273 | Swamp:3  | Reached skill level 10 in Throwing
 33464 | Swamp:3  | Killed a bone dragon
 34409 | Swamp:4  | Got a decaying rune of Zot
 35850 | Elf:1    | Entered Level 1 of the Elven Halls
 36383 | D:14     | Killed Azrael
 36387 | D:14     | Reached XP level 17. HP: 48/152 MP: 23/28
 36686 | D:14     | Found a gate to the Vaults.
 36795 | Vaults:1 | Entered Level 1 of the Vaults
 37154 | Vaults:1 | Reached skill level 20 in Fighting
 37549 | Vaults:1 | Reached skill level 5 in Shapeshifting
 38151 | Vaults:1 | Found a large runed translucent door.
 38151 | Vaults:1 | Found a large runed translucent door.
 38151 | Vaults:1 | Noticed Xedevy's ghost (adept KoEn)
 38223 | Vaults:1 | Noticed a sphinx
 38230 | Vaults:1 | Killed a sphinx
 38275 | Vaults:1 | Identified the +9 dagger of Valiance {speed, *Corrode Int+3
                  | SInv}
 38286 | Vaults:1 | Upgraded the game from 0.32-a0-12-g7fc57aa741 to
                  | 0.32-a0-17-gb74e046682
 38368 | Vaults:1 | Gained Marbork as an ally
 40121 | Vaults:1 | Killed Xedevy's ghost
 40894 | Orc:2    | Found Hikewova's Magic Scroll Boutique.
 40896 | Orc:2    | Found Qukh's General Store.
 41308 | Vaults:2 | Noticed Norris
 41312 | Vaults:2 | Killed Norris
 41950 | D:15     | Entered Level 15 of the Dungeon
 42231 | Orc:2    | Bought a scroll of enchant weapon for 105 gold pieces
 42231 | Orc:2    | Bought a scroll of enchant weapon for 105 gold pieces
 42231 | Orc:2    | Bought a scroll of teleportation for 42 gold pieces
 42231 | Orc:2    | Bought a scroll of fear for 56 gold pieces
 42231 | Orc:2    | Bought a scroll of fear for 56 gold pieces
 43814 | D:15     | Found a blossoming altar of Fedhas.
 43917 | D:15     | Found a staircase to the Depths.
 44143 | Vaults:2 | Identified the +4 battleaxe of Jehetuth {spect, rF- Str+6
                  | Dex+3 Stlth+}
 44184 | Vaults:2 | You fall into a shaft and drop 1 floor!
 44219 | Vaults:3 | Your ally Bogmar died
 44386 | Vaults:3 | Reached XP level 18. HP: 153/162 MP: 30/30
 44619 | Vaults:3 | Found a flickering gateway to a bazaar.
 44638 | Bazaar   | Entered a bazaar
 44638 | Bazaar   | Found Yvuhur's Antique Weapon Shop.
 44638 | Bazaar   | Found Pecvizus's General Store.
 44719 | Bazaar   | Bought a potion of mutation for 88 gold pieces
 44721 | Bazaar   | Bought a potion of heal wounds for 55 gold pieces
 44758 | Bazaar   | Found Bidiolom's Antique Armour Shop.
 44814 | Bazaar   | Bought a potion of mutation for 88 gold pieces
 46687 | Vaults:2 | Identified the +8 shortbow of Zowutzef {drain, Str+4}
 46969 | Vaults:2 | Noticed Mennas
 46976 | Vaults:2 | Gained Boruk as an ally
 46986 | Vaults:2 | Killed Mennas
 46989 | Vaults:2 | Killed from afar by an ironbound thunderhulk

Illustrated notes

Levels and vault maps discovered:
D:1:      psy_arrival_fountain, layout_loops_ring
D:2:      layout_loops_cross
D:3:      layout_loops_ring, mainiacjoe_overflow_alcove_1,
          nicolae_dithmenos_the_darkroom,
          nicolae_gozag_cash_rules_everything_around_me,
          gammafunk_ghost_cemetery, nicolae_figureground_sparkle
D:4:      layout_gridville, temple_pool_b, serial_shops, shop, uniq_ijyb
D:5:      minmay_octagon_keep, layout_cave_pools, lemuel_round_altar
D:6:      layout_loops_ring, kennysheep_little_box, uniq_duvessa,
          uniq_crazy_yiuf_cottage, uniq_blork_the_orc
D:7:      layout_basic, mainiacjoe_overflow_24_doors,
          nicolae_wu_jian_immortal_techniques, serial_aquarium,
          aquarium_bridge_long_joined [aquarium_subvault_bridge,
          aquarium_subvault_bridge, aquarium_subvault_wall,
          aquarium_subvault_bridge, aquarium_subvault_balcony,
          aquarium_subvault_bridge], aquarium_bridge_square
          [aquarium_subvault_bridge, aquarium_subvault_balcony,
          aquarium_subvault_bridge, aquarium_subvault_wall],
          aquarium_window_fake, aquarium_window_fake, aquarium_window_fake,
          aquarium_view_2b, aquarium_balcony_3a, aquarium_pool_corner,
          minmay_alternating_orb
D:8:      layout_loops_cross, lemuel_crystal_altar,
          mainiacjoe_overflow_alcove_2,
          mainiacjoe_overflow_concentric_impassable,
          gammafunk_temple_overflow_statue, hellmonk_lair_entry_icy, uniq_grum,
          uniq_pikel, uniq_joseph
D:9:      layout_loops_ring, nicolae_overflow_crystal_walls
D:10:     layout_basic, nicolae_uskayaw_en_pointe, orc_0_dummy, serial_shops,
          shop
D:11:     nzn_winding_woodlands_huge [nzn_winding_woodlands_5x15_twine,
          nzn_winding_woodlands_5x15_zeroes, nzn_winding_woodlands_5x15_pool,
          nzn_winding_woodlands_5x15_default,
          nzn_winding_woodlands_5x15_sawtooth,
          nzn_winding_woodlands_5x15_lazy_stream,
          nzn_winding_woodlands_5x15_sidewinder, nzn_winding_woodlands_5x15_eye,
          nzn_winding_woodlands_5x15_jagged, nzn_winding_woodlands_5x15_garden,
          nzn_winding_woodlands_center_diamonds,
          nzn_winding_woodlands_center_pierced_h,
          nzn_winding_woodlands_15x15_five_gardens], layout_loops_corners
D:12:     layout_stronghold, library_closet, uniq_maurice, uniq_josephine
D:13:     layout_rooms, serial_ice, serial_ice_b, serial_ice_o, serial_ice_c,
          serial_ice_m, serial_ice_e, serial_ice_h,
          portal_ice_cave_entry_pillars_2, serial_shops, bzr_entry_water,
          uniq_rupert
D:14:     layout_rooms, erik_vaults_2, uniq_azrael
D:15:     grunt_enter_depths_snipers, layout_long_grid, serial_ice,
          serial_ice_b, serial_ice_g, serial_ice_k, serial_ice_m, serial_ice_h,
          serial_ice_n, serial_ice_f, serial_ice_a, serial_ice_d, fedhas_altar_1
Temple:   hellmonk_temple_of_storms
Lair:1:   layout_misc_corridors, grunt_megastairs_5, serial_bayou_shore_a
Lair:2:   beast_lair_carwin_large_4, layout_gridlike,
          grunt_forest_stairs_clearing, lemuel_fruit_tree, uniq_harold
Lair:3:   layout_chaotic_city, palyth_hydra_swamp_entry,
          nicolae_snake_entry_squirm, beast_lair_carwin_2
Lair:4:   layout_cave_pods, basic_altar, hangedman_tree_tricks, ldierk_geyser,
          uniq_kirke, uniq_snorg
Lair:5:   hangedman_lair_caniforms_friends, layout_small_grid, wormcave,
          slime_entry_1, gammafunk_ghost_cemetery
Swamp:1:  layout_basic_swamp, evilmike_swamp_ruin_house_6, lightli_tree_ring
Swamp:2:  layout_falls_marsh, nicolae_swamp_stair_fork, swamp_pool_5
Swamp:3:  layout_basic_swamp, nicolae_swamp_very_dense_foliage,
          nicolae_swamp_decorative_isthmus, uniq_roxanne
Swamp:4:  swamp_pestilence, layout_basic_swamp, swamp_pool_1_2, uniq_donald
Orc:1:    layout_caves, sword_in_stone
Orc:2:    pf_orc_diabolical, layout_caves, enter_volcano_2
Elf:1:    nicolae_elf_arrival_no_cutting_in_line, layout_geoelf_octagon,
          minmay_elf_demonology, evilmike_spriggan_trog_shrine
Vaults:1: advil_vaults_ghost_guards, vaults_room_octagon, v_misc_27,
          nicolae_vaults_network_barrier, ontoclasm_vaults_shout,
          nicolae_vaults_diagonal_hallway_7, vaults_dpeg_emergency_exit,
          nicolae_vaults_more_shelving_2, layout_vaults_omnigrid
Vaults:2: nicolae_vaults_wrenched, nicolae_vaults_little_squares_2, v_pattern_4,
          nicolae_vaults_tetromino_L_1, nicolae_vaults_apartment_2,
          vaults_room_corners, v_alt_pattern_1, nicolae_vaults_little_squares_2,
          vaults_room_door_hall, layout_vaults_chaotic_city,
          minmay_crypt_entry_skeletal_spiral, uniq_norris, uniq_mennas
Vaults:3: nicolae_vaults_house_1, nicolae_vaults_whirlpool_walls,
          nicolae_vaults_stairing_the_circle, vaults_room_stairs_pillars,
          v_misc_27, hangedman_vaults_stream, hangedman_vaults_impose,
          v_misc_29, v_misc_1, nicolae_vaults_octothorpe, v_alt_pattern_3,
          nicolae_vaults_trapezoid_lopsided_3, v_rooms_2,
          nicolae_vaults_diamond_2, nicolae_vaults_house_2,
          layout_vaults_omnibox, serial_shops, bzr_in_the_mist

Skill      XL: |  1  2  3  4  5  6  7  8  9 10 11 12 13 14 15 16 17 18 |
---------------+-------------------------------------------------------+-----
Fighting       | 4 6 7 9 11 12 14 15 17 19 20 | 20.9
Armour         | 1 2 4 5 6 10 12 13 | 13.4
Invocations    | 3 7 8 11 12 13 15 16 17 | 17.2
Evocations     | 3 4 6 8 |  8.0
Spellcasting   | 3 5 |  5.2
Dodging        | 3 5 7 8 |  8.0
Throwing       | 5 7 10 11 | 11.3
Necromancy     | 4 |  4.0
Ice Magic      | 2 5 |  5.0
Ranged Weapons | 3 5 |  5.0
Shapeshifting  | 3 7 |  7.4
Axes           | |  4.1

Action                     |  1- 3 |  4- 6 |  7- 9 | 10-12 | 13-15 | 16-18 || total
---------------------------+-------+-------+-------+-------+-------+-------++-------
  Melee: Hand axe          |    99 |    11 |       |       |       |       ||   110
         War axe           |       |    41 |   193 |   336 |   807 |   399 ||  1776
         Flail             |       |       |       |       |    40 |   151 ||   191
  Throw: Dart              |       |       |     2 |    18 |    88 |   125 ||   233
         Boomerang         |       |       |       |       |       |    63 ||    63
         Javelin           |       |       |       |       |       |    18 ||    18
         Throwing net      |       |       |       |       |       |     1 ||     1
   Cast: Ozocubu's Armour  |       |       |       |     1 |     4 |       ||     5
         Fugue of the Fall |       |       |       |     1 |     3 |     1 ||     5
 Invoke: Convert to Beogh  |       |       |     1 |       |       |       ||     1
         Smiting           |       |       |       |    13 |    14 |    14 ||    41
         Recall Orcish Fol |       |       |       |     1 |    16 |    70 ||    87
         Give Item to Name |       |       |       |       |     1 |     2 ||     3
  Evoke: Wand              |       |       |       |       |    45 |    23 ||    68
         Sack of spiders   |       |       |       |       |       |     1 ||     1
    Use: Scroll            |       |       |     8 |     1 |    25 |    13 ||    47
         Potion            |       |       |       |     3 |     6 |     7 ||    16
   Stab: Distracted        |       |       |       |     5 |    10 |     9 ||    24
         Paralysed         |       |       |       |     3 |       |     5 ||     8
         Invisible         |       |       |       |       |       |     1 ||     1
 Armour: Robe              |     4 |       |       |       |       |       ||     4
         Scale mail        |    57 |    43 |    94 |       |       |       ||   194
         Ring mail         |       |       |   112 |   392 |    93 |       ||   597
         Skin              |       |       |       |     5 |       |       ||     5
         Crystal plate arm |       |       |       |       |   863 |   727 ||  1590
         Ice dragon scales |       |       |       |       |   452 |       ||   452
         Swamp dragon scal |       |       |       |       |       |   343 ||   343
  Dodge: Dodged            |    61 |    26 |   144 |   241 |   715 |   499 ||  1686

Table legend: (Time is in decaauts)
 A = Elapsed time spent in this place.
 B = Non-inter-level travel time spent in this place.
 C = Inter-level travel time spent in this place.
 D = Time resting spent in this place.
 E = Time spent auto-exploring this place.
 F = Levels seen in this place.
 G = Mean time per level.
                   A        B        C        D        E       F      G
               +--------+--------+--------+--------+--------+-----+--------+
         Total |  47826 |  40303 |   7523 |   9586 |  20271 |  34 | 1406.6 |
       Dungeon |  21583 |  16848 |   4735 |   3173 |   9970 |  15 | 1438.9 |
        Temple |     96 |      0 |     96 |      0 |      0 |   1 |   96.0 |
          Lair |  10292 |   8911 |   1381 |   2184 |   4728 |   5 | 2058.4 |
         Swamp |   6097 |   5835 |    262 |   2196 |   2425 |   4 | 1524.2 |
  Orcish Mines |   2516 |   1919 |    597 |    236 |    606 |   2 | 1258.0 |
   Elven Halls |      5 |      3 |      2 |      0 |      0 |   1 |    5.0 |
        Vaults |   5779 |   5332 |    447 |   1609 |   2153 |   3 | 1926.3 |
        Bazaar |    434 |    434 |      0 |      0 |    243 |   2 |  217.0 |
      Ice Cave |   1020 |   1020 |      0 |    188 |    145 |   1 | 1020.0 |
               +--------+--------+--------+--------+--------+-----+--------+

Top non-repeatable levels by time:
    D:11: 3723 daAuts
Vaults:1: 3048 daAuts
    D:10: 2634 daAuts
  Lair:5: 2546 daAuts
  Lair:2: 2512 daAuts
 Swamp:3: 2171 daAuts
    D:12: 2052 daAuts
Vaults:3: 1980 daAuts
  Lair:3: 1890 daAuts
     D:8: 1733 daAuts
  Lair:4: 1700 daAuts
  Lair:1: 1642 daAuts
    D:13: 1588 daAuts
 Swamp:4: 1543 daAuts
   Orc:2: 1459 daAuts
